 Dungeon Crawl Stone Soup version 0.20.1-1-g8b1a95d (webtiles) character file.

8348 FollowTheCloud the Covert (level 11, -4/47 HPs)
             Began as a Spriggan Enchanter on Aug 10, 2017.
             Was a High Priest of Ru.
             Killed from afar by an electric eel (12 damage)
             ... with a bolt of electricity
             ... on level 9 of the Dungeon on Aug 11, 2017.
             The game lasted 00:45:24 (9916 turns).

FollowTheCloud the Covert (Spriggan Enchanter)      Turns: 9916, Time: 00:45:25

Health: -4/47      AC:  2    Str:  4    XL:     11   Next: 8%
Magic:  18/23      EV: 27    Int: 19    God:    Ru [*****.]
Gold:   844        SH:  0    Dex: 18    Spells: 13/25 levels left

rFire    . . .     SeeInvis +   h - +1 dagger (drain)
rCold    x . .     Gourm    .   (shield restricted)
rNeg     . . .     Faith    .   b - +0 robe
rPois    .         Spirit   .   (helmet restricted)
rElec    .         Reflect  .   (no cloak)
rCorr    .         Harm     .   (gloves unavailable)
MR       +....                  (boots unavailable)
Stlth    +++.......             (no amulet)
Regen    0.2/turn               w - ring of protection from fire
MPRegen  0.2/turn               (no ring)

@: slow
A: unfitting armour, see invisible, herbivore 3, speed 3, slow metabolism 2,
inability to train armour, missing an eye, temperature sensitive
a: Draw Out Power, Power Leap, Apocalypse, Renounce Religion


You were on level 9 of the Dungeon.
You worshipped Ru.
Ru was extremely pleased with you.
You were hungry.

You visited 1 branch of the dungeon, and saw 9 of its levels.
You also visited: Ossuary.

You collected 844 gold pieces.

Inventory:

Hand Weapons
 h - a +1 dagger of draining (weapon)
 n - a +1 dagger of holy wrath
Armour
 b - a +0 robe (worn)
Jewellery
 e - an uncursed amulet of guardian spirit
 w - a ring of protection from fire (left hand)
 C - an uncursed ring of poison resistance
 L - an uncursed ring of ice {unknown}
Scrolls
 f - 2 scrolls of remove curse {unknown}
 i - 6 scrolls of teleportation
 l - 3 scrolls of enchant armour {unknown}
 q - 2 scrolls of enchant weapon {unknown}
 s - 2 scrolls of magic mapping {unknown}
 t - 2 scrolls of recharging {unknown}
 x - 4 scrolls of noise {unknown}
 y - 4 scrolls of fear
 A - 2 scrolls of fog {unknown}
 B - 7 scrolls of immolation {unknown}
 G - a scroll of amnesia {unknown}
 H - a scroll of random uselessness {unknown}
 I - 3 scrolls of identify
 M - a scroll of summoning {unknown}
 N - a scroll of silence {unknown}
Potions
 g - 4 potions of curing
 k - a potion of haste {unknown}
 m - 2 potions of resistance {unknown}
 o - 3 potions of heal wounds {unknown}
 p - a potion of brilliance {unknown}
 u - 3 potions of mutation {unknown}
 v - a potion of might {unknown}
 z - a potion of agility {unknown}
 D - 3 potions of lignification
 F - 2 potions of invisibility {unknown}
Books
 c - a book of Maledictions

   Spells                             Type                      Level
   a - Corona                         Hexes                        1
   b - Ensorcelled Hibernation        Hexes/Ice                    2
   c - Confuse                        Hexes                        3
   d - Tukima's Dance                 Hexes                        3
   e - Dazzling Spray                 Conjuration/Hexes            3
 j - a book of Conjurations

   Spells                             Type                      Level
   a - Magic Dart                     Conjuration                  1
   b - Searing Ray                    Conjuration                  2
   c - Dazzling Spray                 Conjuration/Hexes            3
   d - Fulminant Prism                Conjuration/Hexes            4
   e - Force Lance                    Conjuration/Translocation    4
   f - Iskenderun's Mystic Blast      Conjuration                  4
 r - a book of Misfortune

   Spells                             Type                      Level
   a - Confusing Touch                Hexes                        1
   b - Confuse                        Hexes                        3
   c - Gell's Gravitas                Translocation                3
   d - Petrify                        Transmutation/Earth          4
   e - Metabolic Englaciation         Hexes/Ice                    5
   f - Yara's Violent Unravelling     Hexes/Transmutation          5
 J - a book of Changes

   Spells                             Type                      Level
   a - Beastly Appendage              Transmutation                1
   b - Sticks to Snakes               Transmutation                2
   c - Spider Form                    Transmutation/Poison         3
   d - Ice Form                       Ice/Transmutation            4
   e - Blade Hands                    Transmutation                5
 K - a book of Callings

   Spells                             Type                      Level
   a - Summon Small Mammal            Summoning                    1
   b - Call Imp                       Summoning                    2
   c - Call Canine Familiar           Summoning                    3
   d - Summon Guardian Golem          Hexes/Summoning              3
   e - Summon Lightning Spire         Summoning/Air                4
   f - Summon Ice Beast               Ice/Summoning                4
Comestibles
 a - 4 royal jellies
 d - 6 bread rations
 E - 2 fruits


   Skills:
 + Level 8.4 Short Blades
 + Level 11.0 Dodging
 + Level 12.4 Stealth
 - Level 7.9 Spellcasting
 + Level 9.2 Hexes
 + Level 4.7 Ice Magic


You had 13 spell levels left.
You knew the following spells:

 Your Spells              Type           Power        Failure   Level  Hunger
a - Corona                Hex            #####..      1%          1    None
b - Ensorcelled Hibernat  Hex/Ice        ####..       1%          2    None
c - Confuse               Hex            #####...     1%          3    None
d - Tukima's Dance        Hex            #####...     1%          3    None
e - Dazzling Spray        Conj/Hex       ####..       4%          3    None


Dungeon Overview and Level Annotations

Branches:
Dungeon (9/15)             Temple (0/1) D:5
   Lair: D:8-11         Orc: D:9-12

Altars:
Elyvilon
Fedhas
Ru
Trog
Uskayaw
Vehumet
Yredelemnul
The Shining One

Shops:
D:8 *


Innate Abilities, Weirdness & Mutations

You are very small and have problems with some larger weapons.
You are too small for most types of armour.
You have supernaturally acute eyesight. (SInv)
You are a herbivore.
You cover ground extremely quickly.
You need consume almost no food.
You cannot train Armour skill.
You are missing an eye, making it more difficult to aim.
You are sensitive to extremes of temperature. (rF-, rC-)


Message History

The bolt of electricity misses you.
The bolt of electricity hits the plant.
The electric eel shoots out a bolt of lightning at you!
The bolt of electricity hits the plant.
The bolt of electricity misses you. The bolt of electricity hits you!
The bolt of electricity hits the plant.
The electric eel shoots out a bolt of lightning at you!
The bolt of electricity hits the plant.
The bolt of electricity misses you. x2
Why would you want to do that?
The electric eel shoots out a bolt of lightning at you!
The bolt of electricity hits you!
* * * LOW HITPOINT WARNING * * *
You focus your will and blind the electric eel in retribution!
Casting: Ensorcelled Hibernation
Confirm with . or Enter, or press ? or * to list all spells.
Aiming: Ensorcelled Hibernation
Press: ? - help, Shift-Dir - straight line, f - electric eel
Aim: an electric eel (water, blind, chance to defeat MR: 71%)
The electric eel struggles to resist.
The electric eel shoots out a bolt of lightning at you!
The bolt of electricity hits you!
You die...

##############.##################
#..##### ##.....# #.....#
##.....## #≈P≈..P≈# #≈≈≈PP≈≈#
#P≈≈≈≈†P# ##♣@;P≈## #♣≈≈## ####


You could see an electric eel (blind).

Vanquished Creatures
  Erica (D:8)
  4 two-headed ogres
  An ugly thing (D:9)
  A troll (D:9)
  Prince Ribbit (D:5)
  Sigmund (D:3)
  Grum (D:8)
  An ice beast (D:7)
  3 sky beasts
  The ghost of vlindergert the Skirmisher, an amateur HOFi (D:5)
  5 orc warriors
  A phantom (D:4)
  4 wolves
  3 ogres
  A centaur (D:8)
  2 big kobolds (D:9)
  2 elf zombies (Ossuary)
  6 bullfrogs
  A scorpion (D:4)
  3 killer bees (D:9)
  2 howler monkeys
  2 electric eels (D:9)
  A crimson imp (D:5)
  A hound (D:7)
  4 orc priests
  Crazy Yiuf (D:7)
  2 centaur skeletons (D:4)
  A human zombie (Ossuary)
  10 orc wizards
  A bullfrog skeleton (D:8)
  3 iguanas
  4 worker ants
  3 big kobold zombies (Ossuary)
  2 killer bee zombies (D:9)
  2 mummies (Ossuary)
  4 gnolls (D:4)
  5 adders
  2 shadow imps
  2 oozes
  2 adder skeletons (D:7)
  5 worms
  3 dart slugs
  4 leopard geckos
  28 orcs
  6 giant cockroaches
  A gnoll zombie (Ossuary)
  11 goblins
  4 hobgoblins
  10 jackals
  4 quokkas
  4 ball pythons
  8 bats
  2 frilled lizards
  4 goblin zombies (Ossuary)
  17 kobolds
  A leopard gecko zombie (D:9)
  3 orc zombies (Ossuary)
  8 rats
220 creatures vanquished.

Vanquished Creatures (collateral kills)
  A two-headed ogre (D:8)
  An ogre (D:7)
  A scorpion (D:9)
3 creatures vanquished.

Vanquished Creatures (others)
  A wizard (D:5)
  4 dancing weapons
  A bullfrog (D:9)
  A plant (D:8)
7 creatures vanquished.

Grand Total: 230 creatures vanquished

Notes
Turn   | Place    | Note
-------+----------+-------------------------------------------
     0 | D:1      | FollowTheCloud the Spriggan Enchanter began the quest for the Orb.
     0 | D:1      | Reached XP level 1. HP: 9/9 MP: 5/5
   422 | D:1      | Reached XP level 2. HP: 13/13 MP: 6/6
   852 | D:1      | Reached XP level 3. HP: 12/16 MP: 8/8
   888 | D:1      | Learned a level 2 spell: Ensorcelled Hibernation
   892 | D:1      | Learned a level 3 spell: Confuse
  1078 | D:2      | Reached skill level 5 in Stealth
  1125 | D:2      | Found a blossoming altar of Fedhas.
  1776 | D:3      | Reached XP level 4. HP: 16/21 MP: 9/9
  1988 | D:3      | Found a sacrificial altar of Ru.
  2005 | D:3      | Became a worshipper of Ru the Awakened
  2297 | D:3      | Learned a level 3 spell: Tukima's Dance
  2418 | D:3      | Noticed Sigmund
  2447 | D:3      | Killed Sigmund
  2447 | D:3      | Reached skill level 6 in Stealth
  2447 | D:3      | Reached XP level 5. HP: 21/24 MP: 1/12
  2447 | D:3      | Reached XP level 6. HP: 25/28 MP: 1/13
  2553 | D:3      | Learned a level 3 spell: Dazzling Spray
  3167 | D:4      | Reached skill level 5 in Dodging
  3300 | D:4      | Got a pitted long sword
  3301 | D:4      | Identified the cursed +2 long sword "Goutwuru" {speed, Int+3} (You found it on level 4 of the Dungeon)
  3346 | D:4      | Gained mutation: You are missing an eye, making it more difficult to aim. [Ru sacrifice]
  3346 | D:4      | Reached * piety under Ru
  3439 | D:4      | Reached skill level 5 in Hexes
  3950 | D:4      | Found a hide-covered altar of Uskayaw.
  4113 | D:4      | Reached skill level 5 in Spellcasting
  4113 | D:4      | Reached XP level 7. HP: 17/32 MP: 9/15
  4160 | D:4      | Reached skill level 7 in Stealth
  4556 | D:5      | Entered Level 5 of the Dungeon
  4573 | D:5      | Noticed a two-headed ogre
  4593 | D:5      | Killed a two-headed ogre
  4593 | D:5      | Reached skill level 5 in Short Blades
  4593 | D:5      | Reached skill level 8 in Stealth
  4593 | D:5      | Reached XP level 8. HP: 36/36 MP: 7/18
  4691 | D:5      | Noticed vlindergert's ghost (amateur HOFi)
  4764 | D:5      | Killed vlindergert's ghost
  4846 | D:5      | Got a slimy broad axe
  4847 | D:5      | Identified the +10 broad axe "Xiyzin" {flame, rF- Int+6 SInv Stlth+} (You found it on level 5 of the Dungeon)
  4902 | D:5      | Found a staircase to the Ecumenical Temple.
  4913 | D:5      | Found a bloodstained altar of Trog.
  4931 | D:5      | Noticed Prince Ribbit
  4948 | D:5      | Killed Prince Ribbit
  4948 | D:5      | Reached skill level 9 in Stealth
  5045 | D:5      | Noticed a wizard
  5052 | D:5      | Killed a wizard
  5127 | D:5      | Found a basalt altar of Yredelemnul.
  5433 | D:6      | Reached XP level 9. HP: 34/39 MP: 13/20
  5587 | D:6      | Gained mutation: You are sensitive to extremes of temperature. (rF-, rC-) [Ru sacrifice]
  5587 | D:6      | Reached ** piety under Ru
  5587 | D:6      | Reached *** piety under Ru
  5614 | D:6      | Reached skill level 1 in Ice Magic
  6077 | D:7      | Found a sand-covered staircase.
  6098 | Ossuary  | Entered an ossuary
  6488 | D:7      | Reached skill level 10 in Stealth
  7138 | D:7      | Found a runed door.
  7184 | D:7      | Noticed Crazy Yiuf
  7194 | D:7      | Killed Crazy Yiuf
  7218 | D:8      | Noticed a two-headed ogre
  7254 | D:8      | Noticed a two-headed ogre
  7256 | D:8      | Found a radiant altar of Vehumet.
  7268 | D:8      | Killed a two-headed ogre
  7438 | D:8      | Killed a two-headed ogre
  7438 | D:8      | Reached XP level 10. HP: 17/44 MP: 16/22
  7528 | D:8      | Reached skill level 11 in Stealth
  7631 | D:8      | Noticed Erica
  7644 | D:8      | Killed Erica
  7644 | D:8      | Reached skill level 10 in Dodging
  7708 | D:8      | Noticed Grum
  7748 | D:8      | Killed Grum
  7779 | D:8      | Found a glowing golden altar of the Shining One.
  7961 | D:8      | Found a white marble altar of Elyvilon.
  7987 | D:8      | Found Okkaoc's Changing Room.
  8669 | D:9      | Gained mutation: You cannot train Armour skill. [Ru sacrifice]
  8669 | D:9      | Reached **** piety under Ru
  8669 | D:9      | Reached ***** piety under Ru
  8887 | D:9      | Reached skill level 12 in Stealth
  8966 | D:9      | Noticed a brown ugly thing
  9174 | D:9      | Killed a brown ugly thing
  9247 | D:9      | Noticed a two-headed ogre
  9417 | D:9      | Killed a two-headed ogre
  9668 | D:9      | Noticed a two-headed ogre
  9676 | D:9      | Reached XP level 11. HP: 47/47 MP: 23/23
  9735 | D:9      | Killed a two-headed ogre
  9916 | D:9      | Killed from afar by an electric eel

Skill      XL: |  1  2  3  4  5  6  7  8  9 10 11 |
---------------+----------------------------------+-----
Spellcasting   | 3 4 5 6 7 |  7.9
Short Blades   | 2 3 5 7 8 |  8.4
Stealth        | 5 6 8 9 10 12 | 12.4
Hexes          | 4 5 6 7 9 |  9.2
Dodging        | 4 5 7 9 10 11 | 11.0
Ice Magic      | 3 4 |  4.7

Action                   |  1- 3 |  4- 6 |  7- 9 | 10-12 || total
-------------------------+-------+-------+-------+-------++-------
Melee: Dagger            |   115 |   126 |   341 |   222 ||   804
 Cast: Corona            |     3 |       |       |       ||     3
       Ensorcelled Hiber |     6 |    28 |    34 |    40 ||   108
       Confuse           |       |     4 |    30 |    26 ||    60
       Tukima's Dance    |       |       |    10 |     1 ||    11
       Dazzling Spray    |       |       |       |     5 ||     5
Invok: Sacrifice an Eye  |       |     1 |       |       ||     1
       Sacrifice Resista |       |       |     1 |       ||     1
       Sacrifice Durabil |       |       |       |     1 ||     1
  Use: Scroll            |       |     1 |     9 |       ||    10
 Stab: Sleeping          |    15 |    26 |    32 |    14 ||    87
       Distracted        |     1 |       |     1 |     2 ||     4
       Confused          |       |     3 |    25 |    19 ||    47
       Invisible         |       |       |     2 |       ||     2
  Eat: Bread ration      |       |     1 |       |       ||     1
       Fruit             |       |       |       |     2 ||     2
Armor: Robe              |    11 |     2 |     9 |     6 ||    28
Dodge: Dodged            |    83 |    77 |   182 |   186 ||   528
